AoeStats
← chenya_ko

Arabia

509803766Analyzed
1v1 RM · 5d ago on Sep 28, 2026· 51m 50s· 2 players
Game mode
Random Map
Map size
Tiny (2 player)
Population
200
Speed
Normal
Resources
Standard
Victory
Conquest
Starting age
Dark Age
Ending age
Imperial Age
RankedLock teamsTeams togetherTeam positionsShared explorationLock speedFull tech treeHidden civsTurbo modeCheats
Victory
Defeat
🇵🇪 Aztecs · Peru
1078
+16
🇹🇼 Japanese · Taiwan
1077
-16
chenya_ko
2:05 Loom
10:02 Feudal Age
10:05 Man-at-Arms
15:23 Double-Bit Axe
16:20 Fletching
17:46 Padded Archer Armor
19:47 Wheelbarrow
24:02 Castle Age
22:06 Horse Collar
22:20 Gold Mining
22:23 Arson
23:12 Forging
23:11 Scale Mail Armor
24:07 Long Swordsman
24:33 Gambesons
24:49 Squires
26:06 Chain Mail Armor
26:01 Bodkin Arrow
26:23 Town Watch
26:42 Elite Skirmisher
28:35 Iron Casting
30:50 Gold Shaft Mining
30:53 Leather Archer Armor
36:23 Stone Mining
37:05 Ballistics
38:07 Hand Cart
43:27 Imperial Age
43:30 Two-Handed Swordsman
47:05 Blast Furnace
46:36 Plate Mail Armor
47:15 Chemistry
48:21 Champion
50:21 Masonry
tedyoso
10:06 Feudal Age
11:30 Loom
15:14 Double-Bit Axe
20:59 Castle Age
19:00 Gold Mining
19:58 Fletching
19:54 Horse Collar
21:15 Crossbowman
22:08 Bodkin Arrow
22:57 Gold Shaft Mining
22:22 Town Watch
27:13 Wheelbarrow
27:16 Ballistics
27:00 Padded Archer Armor
27:24 Scale Mail Armor
27:36 Stone Mining
28:10 Forging
28:58 Stone Shaft Mining
30:09 Hand Cart
29:55 Town Patrol
30:58 Iron Casting
36:06 Leather Archer Armor
45:54 Imperial Age
45:03 Chain Mail Armor
47:42 Blast Furnace
46:27 Arbalester
48:47 Conscription
48:47 Bracer
49:46 Plate Mail Armor
49:42 Garland Wars
48:45 Elite Jaguar Warrior
48:56 Capped Ram
51:10 Chemistry
Connection lost

Rejoining the realm…

Still unreachable

The connection could not be restored.

Session expired

The server has moved on; the page needs a fresh start.